 Dungeon Crawl Stone Soup version 0.32-a0-558-g233958a4c4 (webtiles) character file.

Game seed: 3910525626792067131

3614 mopl the Carver (level 10, -3/67 HPs)
             Began as a Formicid Warper on Feb 29, 2024.
             Was a Priest of Cheibriados.
             Slain by a yak (6 damage)
             ... on level 9 of the Dungeon.
             The game lasted 00:10:08 (8121 turns).

mopl the Carver (Formicid Warper)                   Turns: 8121, Time: 00:10:09

Health: -3/67      AC: 10    Str: 24    XL:     10   Next: 32%
Magic:  16/16      EV: 12    Int: 25    God:    Cheibriados [***...]
Gold:   126        SH:  0    Dex: 21    Spells: 6/15 levels left

rFire   . . .        b - +0 short sword (venom)
rCold   . . .        (no shield)
rNeg    . . .        j - +0 leather armour
rPois   .            (helmet unavailable)
rElec   .            y - +0 cloak
rCorr   .            e - +0 pair of gloves
SInv    +            D - +0 pair of boots
Will    +....        (no amulet)
Stlth   ++           q - +4 ring of slaying
HPRegen 0.31/turn    E - +4 ring of protection
MPRegen 0.15/turn

%: no passive effects
@: very slow
A: permanent stasis, dig shafts and tunnels, antennae 3, four strong arms
a: Dig, Shaft Self, Renounce Religion, Bend Time, Temporal Distortion


You were on level 9 of the Dungeon.
You worshipped Cheibriados.
Cheibriados was most pleased with you.
You visited 2 branches of the dungeon, and saw 9 of its levels.

You collected 366 gold pieces.
You spent 240 gold pieces at shops.

Inventory:

Hand Weapons
 a - a +0 double sword
 b - a +0 short sword of venom (weapon)
 s - a +1 halberd of freezing
 H - a +1 spear of venom
 I - a +3 vampiric trident
 P - a +0 scimitar
Missiles
 c - 7 darts of dispersal (quivered)
 d - a throwing net
 N - a boomerang
 O - 16 poisoned darts
Armour
 e - a +0 pair of gloves (worn)
 j - a +0 leather armour (worn)
 y - a +0 cloak (worn)
 D - a +0 pair of boots (worn)
 M - a +0 plate armour
Jewellery
 i - a ring of protection from cold
 q - a +4 ring of slaying (left hand)
 r - a ring of wizardry
 E - a +4 ring of protection (right hand)
Wands
 o - a wand of iceblast (14)
 J - a wand of quicksilver (4)
Scrolls
 k - 3 scrolls of amnesia
 l - 2 scrolls of revelation {unknown}
 m - 4 scrolls of poison {unknown}
 n - 3 scrolls of blinking {unknown}
 t - 6 scrolls of identify
 u - a scroll of enchant armour {unknown}
 v - 3 scrolls of teleportation {unknown}
 x - a scroll of vulnerability {unknown}
 C - a scroll of immolation {unknown}
 G - 3 scrolls of enchant weapon {unknown}
 Q - a scroll of fear
 R - a scroll of noise
Potions
 f - 5 potions of enlightenment {unknown}
 g - a potion of brilliance {unknown}
 h - 5 potions of curing {unknown}
 p - 2 potions of heal wounds {unknown}
 w - a potion of degeneration {unknown}
 z - 2 potions of lignification {unknown}
 A - a potion of invisibility {unknown}
 B - a potion of resistance {unknown}
 F - 4 potions of haste {unknown}
 K - a potion of might {unknown}
 L - a potion of ambrosia {unknown}
 S - a potion of mutation {unknown}


   Skills:
 - Level 2.1 Fighting
 + Level 8.8 Long Blades
 - Level 1.0 Throwing
 - Level 1.1 Armour
 - Level 1.7 Dodging
 - Level 3.0 Spellcasting
 + Level 8.2 Translocations
 + Level 8.6 Invocations


You had 6 spell levels left.
You knew the following spells:

 Your Spells              Type           Power      Damage    Failure   Level
a - Manifold Assault      Tloc           45%        N/A       3%          4
b - Lesser Beckoning      Tloc           90%        N/A       1%          2
t - Teleport Other        Tloc           45%        N/A       1%          3

Your spell library contained the following spells:

 Spells                   Type           Power      Damage    Failure   Level
 Kiss of Death            Conj/Necr      12%        2d6       12%         1
 Jinxbite                 Hex            6%         N/A       17%         2
 Confusing Touch          Hex            3%         N/A       34%         3
 Hailstorm                Conj/Ice       3%         3d5       34%         3
 Summon Ice Beast         Ice/Summ       3%         N/A       34%         3
 Dispel Undead            Necr           3%         3d7       75%         4
 Yara's Violent Unravell  Hex/Alch       1%         3d3       97%         5
 Sculpt Simulacrum        Ice/Alch       1%         N/A       100%        6
 Enfeeble                 Hex            1%         N/A       100%        7
 Blink                    Tloc           Unusable   N/A       N/A         2
 Vhi's Electric Charge    Tloc/Air       Unusable   N/A       N/A         4

Dungeon Overview and Level Annotations

Branches:
Dungeon (7/15)             Temple (1/1) D:4

Altars:
Ashenzari
Cheibriados
Elyvilon
Fedhas
Gozag
Hepliaklqana
Kikubaaqudgha
Nemelex Xobeh
Okawaru
Qazlal
Ru
Sif Muna
Trog
Uskayaw
Vehumet
Wu Jian
Xom
The Shining One

Shops:
D:6 *   D:7 ?[[=(


Innate Abilities, Weirdness & Mutations

You cannot be hasted, slowed, berserked, paralysed or teleported.
You can dig through walls and to a lower floor.
You have a pair of large antennae on your head. (SInv)
Your four strong arms can wield two-handed weapons with a shield.


Message History

You hit the yak.
The yak is severely wounded.
The yak misses you.
You barely miss the yak.
The yak is almost dead.
The yak gores you but does no damage.
You hit the yak.
The yak looks as sick as possible!
The yak is almost dead.
The yak gores you!
* * * LOW HITPOINT WARNING * * *
You hit the yak.
The yak looks as sick as possible!
The yak is almost dead.
You hit the yak.
You kill the yak!
Cheibriados appreciates the change of pace.
You hit the yak.
The yak is poisoned.
The yak is lightly wounded.
The yak gores you!
* * * LOW HITPOINT WARNING * * *
You puncture the yak!
The yak looks as sick as possible!
The yak is heavily wounded.
You puncture the yak!
The yak looks as sick as possible!
The yak is heavily wounded.
The yak misses you.
You closely miss the yak.
The yak is severely wounded.
The yak gores you.
* * * LOW HITPOINT WARNING * * *
You hit the yak.
The yak looks as sick as possible!
The yak is severely wounded.
The yak gores you.
* * * LOW HITPOINT WARNING * * *
You hit the yak but do no damage.
The yak looks as sick as possible!
The yak is severely wounded.
You closely miss the yak.
The yak is severely wounded.
The yak gores you but does no damage. The yak gores you.
You die...
Cheibriados appreciates the motionlessness of death.

##....###..........#
##.......#.........#
#.................##
............†.....#
...................# #
..............#..#.#..
..............##.#....
#)...........##.......
##.....<....#Y@.......
(.........###..##.##.#
...............#
..........#..###
.......#..####
.Y.Y...#### .Y.....
.......


You could see a yak (extremely poisoned).

Vanquished Creatures
  Jeremiah (D:6)
  4 yaks (D:9)
  A steam dragon (D:7)
  2 sky beasts
  An ice beast (D:7)
  3 orc warriors
  A black bear (D:6)
  An ogre (D:5)
  A phantom (D:4)
  2 kobold brigands (D:7)
  3 bullfrogs (D:7)
  A scorpion (D:5)
  5 wights (D:7)
  5 killer bees (D:7)
  A bombardier beetle (D:5)
  5 hounds
  5 orc priests
  5 iguanas
  Natasha (thrice) (D:3)
  5 orc wizards
  3 sleepcaps
  9 gnolls
  5 adders
  2 white imps
  A ribbon worm (D:5)
  A dart slug (D:2)
  18 orcs
  3 bats (D:2)
  7 endoplasms
  A giant cockroach (D:1)
  4 goblins
  7 hobgoblins
  A quokka (D:4)
  10 ball pythons
  5 frilled lizards
  13 kobolds
  4 rats
  A butterfly (D:4)
150 creatures vanquished.

Notes
Turn   | Place    | Note
-------+----------+-------------------------------------------
     0 | D:1      | mopl the Formicid Warper began the quest for the Orb.
     0 | D:1      | Reached XP level 1. HP: 16/16 MP: 3/3
    76 | D:1      | Reached XP level 2. HP: 21/22 MP: 5/5
   374 | D:1      | Reached skill level 3 in Translocations
   550 | D:1      | Reached XP level 3. HP: 26/27 MP: 6/6
   553 | D:1      | Learned a level 2 spell: Lesser Beckoning
   557 | D:1      | Learned a level 3 spell: Teleport Other
  1263 | D:2      | HP: 1/27 [adder (4)]
  1507 | D:2      | Reached skill level 3 in Spellcasting
  1507 | D:2      | Reached XP level 4. HP: 15/33 MP: 8/8
  2250 | D:2      | Reached skill level 3 in Long Blades
  2511 | D:3      | Found a hazy altar of Hepliaklqana.
  2560 | D:3      | Reached XP level 5. HP: 30/38 MP: 9/9
  2575 | D:3      | Noticed Natasha
  2588 | D:3      | Killed Natasha
  2589 | D:3      | Reached skill level 4 in Translocations
  2957 | D:3      | Found an iron altar of Okawaru.
  3162 | D:3      | Noticed Natasha
  3168 | D:3      | Killed Natasha
  3184 | D:3      | Noticed Natasha
  3195 | D:3      | Killed Natasha
  3196 | D:3      | Reached skill level 4 in Long Blades
  3196 | D:3      | Reached XP level 6. HP: 41/44 MP: 10/10
  3517 | D:4      | Found a staircase to the Ecumenical Temple.
  3524 | Temple   | Entered the Ecumenical Temple
  3531 | Temple   | Became a worshipper of Cheibriados the Contemplative
  3637 | D:4      | Reached XP level 7. HP: 46/50 MP: 11/11
  4675 | D:5      | Entered Level 5 of the Dungeon
  4679 | D:5      | Found an opulent altar of Gozag.
  4747 | D:5      | Reached skill level 1 in Invocations
  4940 | D:5      | Reached skill level 5 in Long Blades
  4940 | D:5      | Reached skill level 5 in Translocations
  4952 | D:5      | Reached * piety under Cheibriados
  4953 | D:5      | Reached skill level 2 in Invocations
  5293 | D:5      | Learned a level 4 spell: Manifold Assault
  5328 | D:5      | Reached skill level 3 in Invocations
  5335 | D:5      | Reached XP level 8. HP: 40/56 MP: 12/12
  5893 | D:6      | Reached skill level 4 in Invocations
  5900 | D:6      | Reached skill level 6 in Long Blades
  6021 | D:6      | Reached skill level 6 in Translocations
  6039 | D:6      | Found Liet's Assorted Antiques.
  6102 | D:6      | Reached skill level 5 in Invocations
  6115 | D:6      | Bought a sedimented clear potion for 24 gold pieces
  6115 | D:6      | Bought a fuming coppery potion for 24 gold pieces
  6115 | D:6      | Bought a scroll labelled NUGUTE XIDIN for 27 gold pieces
  6178 | D:6      | Noticed Jeremiah
  6204 | D:6      | Killed Jeremiah
  6204 | D:6      | Reached ** piety under Cheibriados
  6205 | D:6      | Reached XP level 9. HP: 45/61 MP: 13/13
  6525 | D:7      | Found Hynuekkuwih's Weapon Shoppe.
  6556 | D:7      | Reached skill level 7 in Long Blades
  6560 | D:7      | Reached skill level 6 in Invocations
  6894 | D:7      | Reached skill level 7 in Translocations
  7042 | D:7      | Reached skill level 7 in Invocations
  7090 | D:7      | Reached *** piety under Cheibriados
  7098 | D:7      | Reached skill level 8 in Long Blades
  7258 | D:7      | Found Zoysinid's Magic Scroll Shop.
  7267 | D:7      | Bought a scroll of fear for 60 gold pieces
  7267 | D:7      | Bought a scroll of amnesia for 60 gold pieces
  7267 | D:7      | Bought a scroll of identify for 30 gold pieces
  7267 | D:7      | Bought a scroll of noise for 15 gold pieces
  7271 | D:7      | Found Jyosa's Antique Armour Boutique.
  7293 | D:7      | Reached XP level 10. HP: 45/67 MP: 15/15
  7569 | D:7      | Found Ufeing's Jewellery Shop.
  7699 | D:7      | Found Eriovem's Antique Armour Shoppe.
  7886 | D:7      | Reached skill level 8 in Invocations
  7898 | D:7      | You fall into a shaft and drop 2 floors!
  8095 | D:9      | Reached skill level 8 in Translocations
  8118 | D:9      | HP: 2/67 [yak (4)]
  8121 | D:9      | Slain by a yak

Illustrated notes

Levels and vault maps discovered:
D:1:      nzn_arrival_settlement, layout_basic
D:2:      layout_basic
D:3:      layout_loops_cross, mainiacjoe_overflow_small_starburst,
          lemuel_tele_altar, serial_aquarium, aquarium_bridge_straight
          [aquarium_subvault_bridge, aquarium_subvault_balcony,
          aquarium_subvault_bridge, aquarium_subvault_wall],
          aquarium_bridge_long_separate [aquarium_subvault_wall,
          aquarium_subvault_bridge, aquarium_subvault_window,
          aquarium_subvault_bridge, aquarium_subvault_bridge,
          aquarium_subvault_bridge], aquarium_window_corridor_1,
          aquarium_window_1, aquarium_view_2a, minmay_misc_feat_enclosed,
          uniq_natasha
D:4:      layout_layer_cave, minmay_temple_entry_butterflies
D:5:      layout_basic, lemuel_crystal_altar
D:6:      layout_rooms, serial_shops, shop, nrook_campfire, uniq_jeremiah
D:7:      minmay_inner_zag, layout_loops_ring, nicolae_overflow_hidden_temple,
          serial_shops, nicolae_stop_n_shop_2, shop_fountains, shop, shop, shop
D:9:      layout_cave_pools, due_lair_maze_entry_diamond
Temple:   hellmonk_temple_two_chambers

Skill      XL: |  1  2  3  4  5  6  7  8  9 10 |
---------------+-------------------------------+-----
Translocations | 3 4 5 6 7 8 |  8.2
Spellcasting   | 3 |  3.0
Long Blades    | 3 4 5 6 8 |  8.8
Invocations    | 3 5 7 8 |  8.6
Fighting       | |  2.1
Throwing       | |  1.0
Armour         | |  1.1
Dodging        | |  1.7

Action                     |  1- 3 |  4- 6 |  7- 9 | 10-12 || total
---------------------------+-------+-------+-------+-------++-------
  Melee: Falchion          |   112 |    29 |       |       ||   141
         Short sword       |    18 |    87 |   369 |   113 ||   587
         Double sword      |       |       |     6 |     4 ||    10
Ability: Dig               |       |       |     2 |       ||     2
         Shaft Self        |       |       |       |     1 ||     1
   Stab: Sleeping          |     4 |       |       |     1 ||     5
 Armour: Leather armour    |   107 |    66 |   172 |    70 ||   415
  Dodge: Dodged            |    83 |    38 |   172 |    56 ||   349

Table legend: (Time is in decaauts)
 A = Elapsed time spent in this place.
 B = Non-inter-level travel time spent in this place.
 C = Inter-level travel time spent in this place.
 D = Time resting spent in this place.
 E = Time spent auto-exploring this place.
 F = Levels seen in this place.
 G = Mean time per level.
                   A        B        C        D        E       F      G
               +--------+--------+--------+--------+--------+-----+--------+
         Total |   9176 |   8901 |    275 |   1666 |   5557 |   9 | 1019.6 |
       Dungeon |   9161 |   8893 |    268 |   1666 |   5557 |   8 | 1145.1 |
        Temple |     15 |      8 |      7 |      0 |      0 |   1 |   15.0 |
               +--------+--------+--------+--------+--------+-----+--------+

Top non-repeatable levels by time:
     D:4: 1759 daAuts
     D:7: 1625 daAuts
     D:5: 1434 daAuts
     D:2: 1307 daAuts
     D:3: 973 daAuts
     D:1: 947 daAuts
     D:6: 872 daAuts
     D:9: 240 daAuts
  Temple: 15 daAuts
